 Dungeon Sprint DCSS version 0.22.1-1-ga44c0e56f4 (webtiles) character file.

200 MuseOD the Conjurer (level 5, -9/46 HPs)
             Began as a Draconian Conjurer on Oct 4, 2018.
             Was a Believer of Sif Muna.
             Mangled by a naga
             ... wielding a +0 dire flail
              (21 damage)
             ... in the Dungeon (Sprint V: "Ziggurat Sprint").
             The game lasted 00:02:46 (298 turns).

MuseOD the Conjurer (Draconian Conjurer)             Turns: 298, Time: 00:02:47

Health: -9/46      AC:  5    Str: 10    XL:     5   Next: 49%
Magic:  11/14      EV: 12    Int: 29    God:    Sif Muna [**....]
Gold:   0          SH:  0    Dex: 11    Spells: 4/18 levels left

rFire    . . .     SeeInvis .   k - +5 demon whip
rCold    . . .     Gourm    .   (no shield)
rNeg     . . .     Faith    .   (armour unavailable)
rPois    .         Spirit   .   (helmet restricted)
rElec    .         Reflect  .   (no cloak)
rCorr    .         Harm     .   (no gloves)
MR       .....     NoTele   +   (no boots)
Stlth    ++........             (no amulet)
HPRegen  0.15/turn              y - +6 ring of intelligence
MPRegen  0.14/turn              z - +6 ring of intelligence

@: lethally poisoned (-9 -> -21)
A: unfitting armour, cold-blooded, AC +5
a: Divine Energy, Renounce Religion


You were in the Dungeon.
You worshipped Sif Muna.
Sif Muna was pleased with you.
You were not hungry.

You visited 1 branch

Inventory:

Hand Weapons
 k - a +5 demon whip (weapon)
 w - the +5 demon whip "Spellbinder" {antimagic, MR+}
   (You found it in the Dungeon)

   It reduces the magical energy of the wielder, and disrupts the spells and
   magical abilities of those hit.
   Natural abilities and divine invocations are not affected.
   It affects your resistance to hostile enchantments.
Jewellery
 y - a +6 ring of intelligence (left hand)
 z - a +6 ring of intelligence (right hand)
Wands
 t - a wand of disintegration (7)
 u - a wand of iceblast (7)
 v - a wand of acid (7)
Scrolls
 h - 4 scrolls of blinking
 n - 4 scrolls of amnesia
 o - 7 scrolls of fog
 p - a scroll of holy word
 q - 5 scrolls of identify
 r - 5 scrolls of remove curse
 s - 2 scrolls of fear
Potions
 a - 2 potions of brilliance
 c - 10 potions of curing
 d - 10 potions of heal wounds
 e - 6 potions of haste
 f - 6 potions of magic
 g - 3 potions of berserk rage
 i - 2 potions of invisibility
 j - 4 potions of resistance
 l - 5 potions of agility
 m - 5 potions of might
Comestibles
 b - 7 rations


   Skills:
 + Level 4.2 Fighting
 + Level 3.6 Maces & Flails
 - Level 1.7 Dodging
 - Level 1.7 Stealth
 * Level 7.3 Spellcasting
 + Level 7.7 Conjurations
 + Level 3.9 Invocations


You had 4 spell levels left.
You knew the following spells:

 Your Spells              Type           Power        Failure   Level  Hunger
a - Magic Dart            Conj           ####         1%          1    None
b - Searing Ray           Conj           ######       1%          2    None
c - Iskenderun's Mystic   Conj           ######..     1%          4    ##.....
d - Dazzling Spray        Conj/Hex       ####..       3%          3    None
e - Olgreb's Toxic Radia  Pois           ##......     43%         4    ##.....

Your spell library contained the following spells:

 Spells                   Type           Power        Failure   Level  Hunger
 Sting                    Conj/Pois      ####         1%          1    None
 Force Lance              Conj/Tloc      ####....     10%         4    ##.....
 Fulminant Prism          Conj/Hex       ####......   10%         4    ##.....
 Summon Lightning Spire   Summ/Air       ##......     43%         4    ##.....
 Silence                  Hex/Air        ##........   80%         5    ####...
 Freezing Cloud           Conj/Ice/Air   ####......   95%         6    ######.


Dungeon Overview and Level Annotations

Branches:
Dungeon (1/1)

Altars:
Ashenzari
Cheibriados
Dithmenos
Elyvilon
Fedhas
Gozag
Hepliaklqana
Kikubaaqudgha
Makhleb
Nemelex Xobeh
Okawaru
Qazlal
Ru
Sif Muna
Trog
Uskayaw
Vehumet
Wu Jian
Xom
Yredelemnul
Zin
The Shining One
Beogh
Jiyva
Lugonu

Annotations:
D 1 transporter


Innate Abilities, Weirdness & Mutations

Your plain brown scales are hard. (AC +5)
You cannot fit into any form of body armour.
You are cold-blooded and may be slowed by cold attacks.


Message History

Confirm with . or Enter, or press ? or * to list all spells.
Aiming: Searing Ray (safe; 1% risk of failure)
Press: ? - help, Shift-Dir - straight line, f/p - naga
Aim: a naga, wielding a dire flail (moderately wounded)
The searing ray hits the water moccasin.
The water moccasin is moderately wounded. (Press . to maintain the ray.)
The water moccasin bites you.
The searing ray hits the water moccasin.
The water moccasin is heavily wounded.
The water moccasin barely misses you. x2
Without enough magic to sustain it, your searing ray dissipates.
The water moccasin bites you.
You are poisoned.
The water moccasin poisons you!
You feel sick. The water moccasin bites you! Magic courses through your body.
You feel sick. The water moccasin bites you.
* * * LOW HITPOINT WARNING * * *
The water moccasin barely misses you. The naga hits you with a dire flail!!
You die...

▓..©..▓..©..▓▓▓▓▓
▓▓▓▓▓▓▓▓▓▓▓▓▓▓
▓..8©8...▓
▓..|:=...▓
▓...)....▓
▓..†.....▓
▓........▓
▓N▓....▓.▓
▓@SN©....▓
▓▓▓▓▓▓▓▓▓▓


You could see a water moccasin and 2 nagas.

Vanquished Creatures
  A water moccasin (D)
  An orc priest (D)
  An orc wizard (D)
  3 adders (D)
  An adder zombie (D)
  An orc (D)
  A ball python (D)
  A quokka skeleton (D)
10 creatures vanquished.

Notes
Turn   | Place    | Note
-------+----------+-------------------------------------------
     0 | D        | Found the +6 Majin-Bo {vamp, Archmagi MP+6 Int+6}
     0 | D        | Found the +7 great mace "Firestarter" {inner flame, rF++}
     0 | D        | MuseOD the Draconian Conjurer began the quest for the Orb.
     0 | D        | Reached XP level 1. HP: 14/14 MP: 3/3
     0 | D        | Found a deep blue altar of Sif Muna.
     0 | D        | Found a sacrificial altar of Ru.
     0 | D        | Found a bloodstained altar of Trog.
     0 | D        | Found a stormy altar of Qazlal.
     0 | D        | Found an iron altar of Okawaru.
     0 | D        | Found a sparkling altar of Nemelex Xobeh.
     0 | D        | Found a blossoming altar of Fedhas.
     2 | D        | Found a transporter.
     2 | D        | Found an ancient bone altar of Kikubaaqudgha.
     2 | D        | Found a viscous altar of Jiyva.
     2 | D        | Found a corrupted altar of Lugonu.
     2 | D        | Found a hazy altar of Hepliaklqana.
     2 | D        | Found a burning altar of Makhleb.
     2 | D        | Found an opulent altar of Gozag.
    23 | D        | Reached skill level 5 in Spellcasting
    23 | D        | Reached XP level 2. HP: 20/20 MP: 4/8
    60 | D        | Became a worshipper of Sif Muna the Loreminder
    72 | D        | Learned a level 2 spell: Searing Ray
    76 | D        | Entered arena 2.
    76 | D        | Found a transporter.
    84 | D        | Got the Almanac of Contamination and the Birds
    89 | D        | Entered arena 3.
    89 | D        | Found a transporter.
    94 | D        | Reached skill level 1 in Fighting
    94 | D        | Reached skill level 1 in Maces & Flails
    94 | D        | Reached skill level 1 in Invocations
    94 | D        | Reached XP level 3. HP: 28/28 MP: 5/10
    94 | D        | Reached * piety under Sif Muna
    95 | D        | Reached XP level 4. HP: 36/36 MP: 3/12
   166 | D        | Learned a level 4 spell: Iskenderun's Mystic Blast
   170 | D        | Learned a level 3 spell: Dazzling Spray
   175 | D        | Entered arena 4.
   175 | D        | Noticed a water moccasin
   175 | D        | Found a transporter.
   176 | D        | Found the +5 demon whip "Spellbinder" {antimagic, MR+}
   184 | D        | Killed a water moccasin
   184 | D        | Reached ** piety under Sif Muna
   184 | D        | Reached XP level 5. HP: 38/46 MP: 1/14
   287 | D        | Learned a level 4 spell: Olgreb's Toxic Radiance
   287 | D        | Entered arena 5.
   287 | D        | Noticed a naga
   287 | D        | Noticed a naga
   287 | D        | Noticed a water moccasin
   287 | D        | Found a transporter.
   298 | D        | Mangled by a naga

Skill      XL: |  1  2  3  4 |
---------------+-------------+-----
Spellcasting   | 5 6 7 |  7.3
Conjurations   | 6 7 |  7.7
Fighting       | 1 2 4 |  4.2
Maces & Flails | 1 2 3 |  3.6
Invocations    | 1 2 3 |  3.9
Dodging        | |  1.7
Stealth        | |  1.7

Action                   |  1- 3 |  4- 6 || total
-------------------------+-------+-------++-------
Melee: Demon whip        |     4 |     5 ||     9
 Cast: Searing Ray       |     1 |     2 ||     3
       Magic Dart        |       |     4 ||     4
       Iskenderun's Myst |       |     3 ||     3
       Olgreb's Toxic Ra |       |     1 ||     1
  Use: Potion            |     1 |     1 ||     2
 Stab: Sleeping          |     1 |       ||     1
Armor: Skin              |     1 |     6 ||     7
Dodge: Dodged            |     2 |    17 ||    19
